Map: 逐梦之地-天梯版

Players

Mana

  • Race: Protoss Protoss
  • Spawn Location: 5:00

Cyan - Winner!

  • Race: Protoss Protoss
  • Spawn Location: 11:00

Event: WCS Montreal 2018

VOD

Have the link to the VOD?

Description

Time

  • Played on: Sept. 7, 2018, 6:51 p.m.
  • Length: 6:25

All games in this series

Show
View Real Time Build Order
Export as new Build Order

Mana Protoss 

Build Orders: Phoenix Opening, Mass Adepts 

Get SALT Encoding   

  12  0:00  Probe  
  13  0:12  Probe  
  14  0:18  Pylon  
  14  0:24  Probe  
  15  0:32  Probe  
  15  0:38  Gateway  
  15  0:40  Probe  
  16  0:46  Assimilator  
  17  0:50  Probe  
  17  0:55  Assimilator  
  18  0:58  Probe  
  19  1:06  Probe  
  19  1:07  Gateway  
  20  1:17  Probe  
  20  1:22  Pylon  
  21  1:26  Cybernetics Core  
  21  1:31  Probe  
  22  1:38  Pylon  
  22  1:43  Probe  
  23  1:56  Probe  
  24  2:03  Adept x2  
  24  2:05  Warp Gate  
  28  2:17  Stargate  
  27  2:30  Adept x2  
  31  2:39  Pylon  
  31  2:54  Phoenix  
  31  2:57  Adept x2  
  37  3:06  Pylon  
  37  3:14  Phoenix  
  37  3:17  Pylon  
  39  3:44  Phoenix  
  41  3:59  Pylon  
  41  4:01  Phoenix  
  39  4:19  Adept x2  
  39  4:20  Probe  
  39  4:26  Phoenix  
  41  4:32  Probe  
  42  4:42  Adept  
  42  4:43  Adept  
  41  5:00  Phoenix  
Show
View Real Time Build Order
Export as new Build Order

Cyan Protoss - Winner!

Build Orders: Oracle Opening 

Get SALT Encoding   

  12  0:00  Probe  
  13  0:12  Probe  
  14  0:17  Pylon  
  14  0:24  Probe  
  15  0:32  Probe  
  15  0:37  Gateway  
  15  0:40  Probe  
  16  0:46  Assimilator  
  17  0:50  Probe  
  17  0:55  Assimilator  
  18  0:58  Probe  
  19  1:06  Probe  
  20  1:13  Gateway  
  20  1:17  Probe  
  20  1:25  Cybernetics Core  
  21  1:29  Probe  
  22  1:33  Pylon  
  22  1:41  Probe  
  23  1:53  Probe  
  24  2:01  Adept x2, Warp Gate  
  28  2:08  Pylon  
  28  2:28  Adept x2  
  32  2:31  Stargate  
  32  2:54  Pylon  
  32  2:55  Adept x2  
  36  3:04  Shield Battery  
  36  3:05  Oracle  
  38  3:23  Probe  
  39  3:27  Shield Battery  
  39  3:37  Nexus, Oracle  
  42  4:13  Stalker x2  
  42  4:18  Probe  
  40  4:32  Probe  
  41  4:39  Stalker x2  
  41  4:42  Twilight Council  
  45  4:45  Probe  
  45  4:48  Shield Battery  
  45  4:49  Probe  
  45  4:53  Probe  
  45  5:02  Probe  
  45  5:03  Stalker  
  45  5:05  Sentry  
  39  5:24  Stalker  
  39  5:27  Stalker  
  39  5:30  Probe x2  
  39  5:39  Gateway  
  37  5:45  Stalker  
  39  5:50  Stalker  
  35  6:05  Stalker  
  35  6:14  Stalker, Gateway  
Tags
 
Add a new tag
Caveats
  • Supply blocks, unpowered buildings, or Contaminate may cause inaccurate times.
  • Supply counts are checked every 10 seconds.